AoeStats
← Josmi-Ga'lock

Black Forest

509677773Analyzed
3v3 RM · 6d ago on Sep 27, 2026· 71m 18s· 6 players
Game mode
Random Map
Map size
Normal (6 player)
Population
200
Speed
Normal
Resources
Standard
Victory
Conquest
Starting age
Dark Age
Ending age
Imperial Age
RankedLock teamsTeams togetherTeam positionsShared explorationLock speedFull tech treeHidden civsTurbo modeCheats
Victory
Defeat
🇺🇸 Mongols · United States
1041
+12
🇹🇷 Slavs · Türkiye
1039
+12
🇺🇸 Berbers · United States
1016
+13
🇧🇷 Italians · Brazil
988
-13
🇻🇪 Burgundians · Venezuela
965
-13
🇦🇷 Saxons · Argentina
919
-11
Abyssus
1:10 Loom
14:49 Feudal Age
13:15 Double-Bit Axe
13:22 Gold Mining
13:36 Horse Collar
16:10 Heavy Plow
16:24 Bow Saw
18:20 Town Watch
23:48 Castle Age
22:28 Gold Shaft Mining
21:54 Stone Mining
23:21 Stone Shaft Mining
25:27 Crop Rotation
26:00 Two-Man Saw
26:47 Wheelbarrow
29:51 Fortified Wall
31:41 Burgundian Vineyards
37:18 Imperial Age
35:05 Caravan
35:27 Scale Barding Armor
35:13 Fletching
35:12 Treadmill Crane
36:04 Husbandry
36:03 Murder Holes
36:30 Ballistics
37:18 Chain Barding Armor
37:10 Forging
37:01 Padded Archer Armor
36:56 Bodkin Arrow
37:54 Hand Cart
38:37 Plate Barding Armor
38:38 Iron Casting
39:06 Leather Archer Armor
39:57 Chemistry
40:06 Elite Coustillier
41:12 Conscription
41:30 Hoardings
42:23 Blast Furnace
42:19 Light Cavalry
45:28 Bracer
51:41 Elite Skirmisher
57:39 Pikeman
58:20 Squires
60:16 Flemish Revolution
65:05 Halberdier
ChronoMiner
0:40 Loom
16:16 Feudal Age
16:50 Double-Bit Axe
24:12 Castle Age
22:05 Horse Collar
25:50 Heavy Plow
26:01 Bow Saw
29:32 Elite Skirmisher
30:17 Thumb Ring
30:05 Town Watch
36:42 Imperial Age
34:15 Town Patrol
34:50 Wheelbarrow
35:55 Wheelbarrow
35:58 Gold Mining
36:08 Stone Mining
36:28 Pikeman
37:08 Squires
36:54 Arson
37:22 Bloodlines
37:12 Husbandry
39:12 Chemistry
38:07 Murder Holes
38:34 Ballistics
38:43 Caravan
39:37 Hand Cart
39:37 Light Cavalry
41:32 Two-Man Saw
41:03 Crop Rotation
41:30 Stone Shaft Mining
41:48 Fletching
41:57 Heated Shot
43:46 Silk Road
43:38 Pirotechnia
43:50 Conscription
44:08 Hoardings
45:16 Forging
45:06 Scale Mail Armor
45:01 Bodkin Arrow
46:39 Elite Genoese Crossbowman
49:45 Light Cavalry
52:52 Hussar
55:43 Scale Barding Armor
55:40 Bracer
Josmi-Ga'lock
0:29 Loom
12:59 Feudal Age
13:25 Double-Bit Axe
13:26 Town Watch
14:39 Gold Mining
21:15 Castle Age
19:32 Stone Mining
19:45 Horse Collar
22:56 Wheelbarrow
33:24 Imperial Age
31:41 Squires
31:58 Fortified Wall
31:29 Treadmill Crane
32:33 Heavy Plow
33:26 Hand Cart
33:34 Capped Ram
35:09 Conscription
34:53 Siege Ram
36:36 Forging
36:26 Scale Mail Armor
36:19 Shield Wall
37:53 Iron Casting
37:23 Elite Varangian Guard
37:49 Arson
37:50 Gambesons
38:26 Chain Mail Armor
38:40 Masonry
39:24 Siege Engineers
40:21 Chemistry
39:43 Ballistics
39:38 Guilds
40:16 Gold Shaft Mining
40:53 Plate Mail Armor
40:14 Fletching
40:47 Bow Saw
41:12 Crop Rotation
41:49 Caravan
43:14 Bodkin Arrow
43:57 Pikeman
44:47 Halberdier
46:53 Masonry
46:39 Murder Holes
46:14 Elite Hearth Troop
47:27 Town Patrol
50:13 Two-Man Saw
53:32 Architecture
53:05 Bracer
56:43 Hoardings
62:54 Coinage
TorukMakto
1:30 Loom
12:02 Feudal Age
16:01 Wheelbarrow
16:12 Double-Bit Axe
19:05 Castle Age
18:25 Town Watch
18:45 Stone Mining
18:41 Horse Collar
21:50 Bow Saw
24:22 Heavy Plow
25:50 Hand Cart
25:53 Man-at-Arms
26:35 Squires
26:49 Forging
26:40 Scale Mail Armor
29:19 Gold Mining
29:47 Masonry
30:15 Long Swordsman
31:08 Fortified Wall
31:22 Ballistics
31:00 Murder Holes
31:41 Iron Casting
31:06 Scale Mail Armor
30:59 Fletching
31:15 Town Patrol
32:07 Gold Shaft Mining
32:18 Detinets
35:00 Imperial Age
33:42 Herbal Medicine
33:24 Pikeman
35:26 Two-Handed Swordsman
35:27 Halberdier
36:30 Conscription
37:19 Blast Furnace
36:34 Chain Mail Armor
37:17 Crop Rotation
37:50 Two-Man Saw
38:03 Caravan
38:14 Druzhina
38:36 Chain Mail Armor
39:53 Coinage
38:46 Capped Ram
40:05 Plate Mail Armor
39:32 Bodkin Arrow
40:10 Padded Archer Armor
40:16 Scale Barding Armor
41:11 Banking
40:05 Elite Skirmisher
41:35 Hoardings
41:20 Elite Boyar
42:24 Onager
42:34 Champion
44:11 Chain Barding Armor
44:07 Leather Archer Armor
46:26 Plate Barding Armor
46:00 Siege Onager
46:41 Siege Ram
55:00 Chemistry
54:06 Siege Engineers
58:15 Ring Archer Armor
57:56 Heavy Scorpion
DeathKnight
1:09 Loom
11:38 Feudal Age
15:13 Stone Mining
15:13 Gold Mining
15:14 Double-Bit Axe
16:36 Horse Collar
21:30 Castle Age
20:23 Fletching
20:44 Forging
27:31 Fortified Wall
29:47 Wheelbarrow
30:15 Bow Saw
31:07 Hand Cart
35:11 Imperial Age
32:54 Heavy Plow
33:33 Stone Shaft Mining
33:33 Gold Shaft Mining
33:46 Gold Shaft Mining
33:14 Town Watch
33:36 Padded Archer Armor
33:38 Bodkin Arrow
34:05 Forging
35:22 Town Patrol
35:40 Leather Archer Armor
35:30 Scale Barding Armor
35:34 Thumb Ring
35:32 Husbandry
35:43 Bloodlines
34:54 Light Cavalry
36:18 Drill
35:59 Nomads
37:13 Chemistry
36:35 Ballistics
36:11 Murder Holes
37:30 Parthian Tactics
37:10 Elite Mangudai
38:11 Conscription
37:31 Hussar
39:23 Heavy Camel Rider
40:08 Sappers
41:14 Hoardings
41:37 Coinage
41:09 Caravan
41:23 Capped Ram
42:52 Siege Ram
44:23 Iron Casting
43:48 Bracer
44:09 Chain Barding Armor
44:19 Bracer
45:53 Siege Engineers
45:59 Masonry
45:40 Guard Tower
46:53 Blast Furnace
45:54 Scale Mail Armor
47:07 Onager
48:35 Banking
48:04 Heavy Scorpion
DeathNote
1:45 Loom
14:56 Feudal Age
16:04 Horse Collar
16:10 Double-Bit Axe
22:02 Castle Age
23:56 Stone Mining
27:51 Heavy Plow
28:03 Bow Saw
30:10 Kasbah
31:30 Gold Mining
34:18 Imperial Age
33:05 Kasbah
33:09 Fletching
33:31 Forging
35:09 Wheelbarrow
34:19 Town Watch
34:12 Pikeman
34:54 Squires
35:06 Bloodlines
34:58 Husbandry
35:05 Scale Barding Armor
35:36 Iron Casting
35:14 Fortified Wall
36:30 Conscription
36:46 Hoardings
36:27 Heavy Camel Rider
37:57 Hand Cart
38:00 Maghrebi Camels
39:14 Thumb Ring
38:48 Elite Camel Archer
39:34 Caravan
40:15 Elite Genitour
41:18 Padded Archer Armor
43:12 Gold Shaft Mining
43:12 Stone Shaft Mining
45:09 Siege Engineers
46:05 Chemistry
45:26 Ballistics
45:17 Masonry
47:06 Chain Barding Armor
47:56 Blast Furnace
46:53 Bodkin Arrow
47:22 Ballistics
47:15 Masonry
50:51 Plate Barding Armor
50:17 Bracer
50:33 Leather Archer Armor
53:00 Coinage
58:23 Ring Archer Armor
57:56 Murder Holes
59:08 Crop Rotation
Connection lost

Rejoining the realm…

Still unreachable

The connection could not be restored.

Session expired

The server has moved on; the page needs a fresh start.